 Dungeon Crawl Stone Soup version 0.20.1-1-g8b1a95d (webtiles) character file.

37 keltmir the Changer (level 3, -1/28 HPs)
             Began as a Draconian Transmuter on Oct 31, 2017.
             Killed from afar by Ijyb (15 damage)
             ... with a wand of acid (?/15)
             ... on level 3 of the Dungeon.
             The game lasted 00:03:13 (1031 turns).

keltmir the Changer (Draconian Transmuter)          Turns: 1031, Time: 00:03:13

Health: -1/28      AC:  1    Str: 12    XL:     3   Next: 23%
Magic:  6/6        EV: 12    Int: 14    God:
Gold:   70         SH:  0    Dex: 11    Spells: 2/6 levels left

rFire    . . .     SeeInvis .     - Unarmed
rCold    . . .     Gourm    .   (no shield)
rNeg     . . .     Faith    .   (armour unavailable)
rPois    .         Spirit   .   (helmet restricted)
rElec    .         Reflect  .   (no cloak)
rCorr    .         Harm     .   (no gloves)
MR       .....                  (boots currently unavailable)
Stlth    +.........             (no amulet)
Regen    0.1/turn               (no ring)
MPRegen  0.1/turn               (no ring)

@: appendage (expiring), corroded
A: unfitting armour, talons 3, cold-blooded, AC +5
a: End Transformation


You were on level 3 of the Dungeon.
You were hungry.
You had grown temporary talons.
You visited 1 branch of the dungeon, and saw 3 of its levels.

You collected 70 gold pieces.

Inventory:

Missiles
 a - 12 arrows
Jewellery
 e - an uncursed ring of fire {unknown}
 f - a +5 ring of intelligence {unknown}
Scrolls
 i - a scroll of amnesia {unknown}
 j - a scroll of remove curse {unknown}
 k - a scroll of fear {unknown}
Potions
 d - 2 potions of invisibility {unknown}
 h - a potion of mutation {unknown}
Books
 b - a book of Changes

   Spells                             Type                      Level
   a - Beastly Appendage              Transmutation                1
   b - Sticks to Snakes               Transmutation                2
   c - Spider Form                    Transmutation/Poison         3
   d - Ice Form                       Ice/Transmutation            4
   e - Blade Hands                    Transmutation                5
Comestibles
 c - 2 bread rations
 g - 2 royal jellies


   Skills:
 - Level 1.1 Fighting
 - Level 1.7 Dodging
 - Level 3.0 Unarmed Combat
 - Level 2.0 Spellcasting
 * Level 3.7 Transmutations


You had 2 spell levels left.
You knew the following spells:

 Your Spells              Type           Power        Failure   Level  Hunger
a - Beastly Appendage     Tmut           ##....       5%          1    ##.....
b - Spider Form           Tmut/Pois      #.........   32%         3    ####...


Dungeon Overview and Level Annotations

Branches:
Dungeon (3/15)

Altars:
Sif Muna

Annotations:
D:3 Ijyb


Innate Abilities, Weirdness & Mutations

Your plain brown scales are hard. (AC +5)
You cannot fit into any form of body armour.
You are cold-blooded and may be slowed by cold attacks.
You have claws for feet.


Message History

Ijyb hits you but does no damage.
You closely miss Ijyb.
Ijyb is lightly wounded.
You barely miss Ijyb. Your kick misses Ijyb.
You tail-slap Ijyb, but do no damage.
Ijyb is lightly wounded.
Ijyb barely misses you.
You closely miss Ijyb. Your kick misses Ijyb.
Ijyb is lightly wounded.
Ijyb hits you but does no damage.
You hit Ijyb but do no damage.
Ijyb is lightly wounded.
Ijyb zaps a wand.
The bolt of acid hits you! The acid corrodes you!
You are splashed with acid!
The acid burns!
You hit Ijyb.
Ijyb is moderately wounded.
Your transformation is almost over.
Ijyb zaps a wand.
The bolt of acid hits you!
Ouch! That really hurt!
You die...

..# ###.###.# ..
##....... #.
#......#
#.##....†.# #
#..#......# #
##.###.####.###.##.
...........<.......
.................#.
###.###.###@#.##.#
........†.g.#.# #
###.####.####.# #.#
# #.. .... ##..#
#.# .#


You could see Ijyb.

Vanquished Creatures
  3 oozes
  A leopard gecko (D:1)
  3 giant cockroaches
  3 goblins (D:1)
  2 hobgoblins (D:1)
  4 bats (D:1)
  A frilled lizard (D:1)
  2 kobolds (D:1)
  6 rats
25 creatures vanquished.

Notes
Turn   | Place    | Note
-------+----------+-------------------------------------------
     0 | D:1      | keltmir the Draconian Transmuter began the quest for the Orb.
     0 | D:1      | Reached XP level 1. HP: 16/16 MP: 3/3
   135 | D:1      | Reached XP level 2. HP: 23/23 MP: 3/5
   872 | D:2      | Reached XP level 3. HP: 21/28 MP: 6/6
   877 | D:2      | Learned a level 3 spell: Spider Form
   909 | D:2      | Found a deep blue altar of Sif Muna.
  1006 | D:3      | Noticed Ijyb
  1031 | D:3      | Killed from afar by Ijyb

Skill      XL: |  1  2 |
---------------+-------+-----
Transmutations | 3 |  3.7
Fighting       | |  1.1
Dodging        | |  1.7
Unarmed Combat | |  3.0
Spellcasting   | |  2.0

Action                   || total
-------------------------++-------
Melee: Unarmed           ||   106
       Headbutt          ||     4
       Kick              ||     3
       Punch             ||     1
       Tailslap          ||     8
 Cast: Beastly Appendage ||     8
  Use: Scroll            ||     2
Armor: Skin              ||    43
Dodge: Dodged            ||    82
